 Dungeon Crawl Stone Soup version 0.28-a0-503-g83f2989fac (webtiles) character file.

Game seed: 3924868197360242951

632 Ha714701 the Chopper (level 7, -3/52 HPs)
             Began as a Human Fighter on Sept 20, 2021.
             Was a Follower of the Shining One.
             Shot with an arrow by a centaur (6 damage)
             ... on level 6 of the Dungeon on Sept 21, 2021.
             The game lasted 00:29:58 (6387 turns).

Ha714701 the Chopper (Human Fighter)                Turns: 6387, Time: 00:29:59

Health: -3/52      AC: 11    Str: 24    XL:     7   Next: 78%
Magic:  7/7        EV: 10    Int:  8    God:    the Shining One [*.....]
Gold:   257        SH:  5    Dex: 13    Spells: 6/6 levels left

rFire   . . .      SeeInvis .   a - +0 war axe
rCold   . . .      Faith    .   c - +0 buckler
rNeg    . . .      Spirit   .   b - +0 scale mail
rPois   .          Reflect  .   (no helmet)
rElec   .          Harm     .   (no cloak)
rCorr   .          Rampage  .   (no gloves)
Will    .....                   (no boots)
Stlth   ..........              (no amulet)
HPRegen 0.17/turn               g - +6 ring of strength
MPRegen 0.10/turn               t - +4 ring of protection

@: glowing
A: no striking features
a: Renounce Religion


You were on level 6 of the Dungeon.
You worshipped the Shining One.
The Shining One was aware of your devotion.
You visited 1 branch of the dungeon, and saw 6 of its levels.
You also visited: Sewer.

You collected 257 gold pieces.

Inventory:

Hand Weapons
 a - a +0 war axe (weapon)
 q - a +0 arbalest of freezing
Missiles
 f - 30 arrows
 l - 100 bolts
 p - 2 boomerangs
Armour
 b - a +0 scale mail (worn)
 c - a +0 buckler (worn)
Jewellery
 g - a +6 ring of strength (left hand)
 m - a ring of flight
 t - a +4 ring of protection (right hand)
Wands
 d - a wand of iceblast (5) (quivered)
Scrolls
 e - 2 scrolls of fear
 h - a scroll of identify
 i - a scroll of torment {unknown}
 j - 4 scrolls of teleportation {unknown}
 n - 4 scrolls of noise {unknown}
 o - a scroll of acquirement {unknown}
 u - a scroll of brand weapon {unknown}
Potions
 k - 4 potions of curing
 r - a potion of brilliance
 s - 2 potions of magic


   Skills:
 - Level 3.1 Fighting
 * Level 6.1 Axes
 - Level 0.4 Staves
 + Level 4.7 Armour
 + Level 1.4 Dodging
 + Level 4.0 Shields
 + Level 0.5 Evocations


You had 6 spell levels left.
You didn't know any spells.
Your spell library contained the following spells:

 Spells                   Type           Power      Damage    Failure   Level
 Foxfire                  Conj/Fire      0%         2x1d4     71%         1
 Ensorcelled Hibernation  Hex/Ice        0%         N/A       83%         2
 Passwall                 Tmut/Erth      0%         N/A       83%         2
 Conjure Flame            Conj/Fire      0%         6-21      97%         3
 Inner Flame              Hex/Fire       0%         N/A       97%         3
 Spider Form              Tmut/Pois      0%         N/A       97%         3
 Swiftness                Air            0%         N/A       97%         3
 Flame Wave               Conj/Fire      0%         3d3       100%        4
 Invisibility             Hex            0%         N/A       100%        6


Dungeon Overview and Level Annotations

Branches:
Dungeon (6/15)             Temple (0/1) D:5           Sewer (visited)

Altars:
Cheibriados
Hepliaklqana
Okawaru
The Shining One

Shops:
D:4 [


Message History

Found a stone staircase leading up.
l - 100 bolts (gained 15)
i - a scroll labelled YBLAUS GULOOPH
j - 4 scrolls labelled PYSSACL HOIREPP (gained 1)
You hear the brisk hiss of an avalanche of sand nearby.
An ice beast comes into view.
Found a stone staircase leading down.
A centaur comes into view.
Found a stone staircase leading up.
The centaur shouts!
The centaur wields a +0 shortbow.
The centaur shoots an arrow.
The arrow hits you! The ice beast closely misses you.
You slash the ice beast!
The ice beast is heavily wounded.
The centaur shoots an arrow.
The arrow hits you. The ice beast barely misses you.
The centaur shoots an arrow.
The arrow hits you!
You hit the ice beast but do no damage.
The ice beast is heavily wounded.
The centaur shoots an arrow.
The arrow hits you.
The ice beast hits you but does no damage.
The centaur shoots an arrow.
The arrow hits you!
* * * LOW HITPOINT WARNING * * *
You hit the ice beast.
The ice beast is severely wounded.
The ice beast hits you but does no damage.
The centaur shoots an arrow.
You block the arrow. You block the ice beast's attack.
You hit the ice beast.
The ice beast is almost dead.
The centaur shoots an arrow.
The arrow hits you.
* * * LOW HITPOINT WARNING * * *
The centaur shoots an arrow.
The arrow hits you but does no damage. The ice beast barely misses you.
You slash the ice beast!
You kill the ice beast!
The centaur shoots an arrow.
The arrow hits you.
* * * LOW HITPOINT WARNING * * *
The centaur shoots an arrow.
The arrow hits you.
You die...

######..#.####.....#<#
........#.......##.#.####
#.####...#..............#.
#.####...##.#######.#.#...
#............... #.#.###.
#.####.######.####
#....... #...............
###.###.
#.####.#####.#.##.# #.# #.
#.....@....... #.# ..
#######.##.#.# #.# #. ...
.. .##># .# # c# <# .#


You could see a centaur.

Vanquished Creatures
  An ice beast (D:6)
  A bullfrog (Sewer)
  A wyvern skeleton (D:6)
  A howler monkey (D:5)
  2 jellies (D:6)
  A hound (D:5)
  A centaur skeleton (D:5)
  3 iguanas
  2 hound skeletons (D:4)
  3 gnolls (D:4)
  12 adders
  A shadow imp (D:5)
  An ufetubus (D:4)
  An adder skeleton (D:4)
  A worm (D:4)
  An orc (D:4)
  15 endoplasms
  9 giant cockroaches
  5 goblins
  8 hobgoblins
  4 jackals
  8 quokkas (Sewer)
  11 ball pythons
  2 bats
  13 frilled lizards
  6 kobolds
  5 rats
  A spectral hobgoblin (D:2)
120 creatures vanquished.

Vanquished Creatures (others)
  8 plants (D:5)
8 creatures vanquished.

Grand Total: 128 creatures vanquished

Notes
Turn   | Place    | Note
-------+----------+-------------------------------------------
     0 | D:1      | Ha714701 the Human Fighter began the quest for the Orb.
     0 | D:1      | Reached XP level 1. HP: 18/18 MP: 1/1
   361 | D:1      | Reached XP level 2. HP: 22/24 MP: 2/2
  1137 | D:2      | Reached XP level 3. HP: 27/29 MP: 3/3
  1412 | D:2      | Found a faded altar of an unknown god.
  2044 | D:3      | Found a glowing golden altar of the Shining One.
  2112 | D:3      | Found a snail-covered altar of Cheibriados.
  2176 | D:3      | Became a worshipper of the Shining One
  2308 | D:3      | Reached XP level 4. HP: 31/35 MP: 4/4
  2383 | D:3      | Found a hazy altar of Hepliaklqana.
  2827 | D:4      | Reached skill level 3 in Axes
  2827 | D:4      | Reached XP level 5. HP: 7/41 MP: 5/5
  3801 | D:4      | Reached skill level 1 in Dodging
  3862 | D:4      | Found Efopseso's Antique Armour Boutique.
  3866 | D:4      | Found an iron altar of Okawaru.
  4139 | D:5      | Entered Level 5 of the Dungeon
  4217 | D:5      | Reached XP level 6. HP: 44/47 MP: 6/6
  4241 | D:5      | Found a staircase to the Ecumenical Temple.
  4403 | D:5      | Reached skill level 4 in Axes
  4535 | D:5      | HP: 1/47 [iguana (6)]
  4682 | D:5      | Found a glowing drain.
  4691 | Sewer    | Entered a sewer
  4699 | Sewer    | Reached * piety under the Shining One
  5225 | Sewer    | Reached XP level 7. HP: 46/52 MP: 7/7
  5394 | Sewer    | Reached skill level 5 in Axes
  6125 | D:6      | Reached skill level 6 in Axes
  6387 | D:6      | Shot with an arrow by a centaur

Illustrated notes

Levels and vault maps discovered:
D:1:      dpeg_arrival_connections, layout_basic
D:2:      layout_loops_cross, dreamdust_ecumenical_altar_drowned_temple,
          minmay_misc_feat_x
D:3:      layout_rooms, mainiacjoe_overflow_brackets,
          mainiacjoe_overflow_catch_the_wave
D:4:      layout_layer_cave, okawaru_gym_becter, serial_shops, shop
D:5:      layout_loops_ring, temple_statues, portal_sewer_entry_d,
          serial_bayou_lake_a
D:6:      layout_basic, enter_ossuary_4, minmay_crystal_room,
          minmay_misc_feat_room

Skill      XL: |  1  2  3  4  5  6  7 |
---------------+----------------------+-----
Axes           | 3 4 6 |  6.1
Armour         | 4 |  4.7
Dodging        | 1 |  1.4
Shields        | 4 |  4.0
Fighting       | |  3.1
Staves         | |  0.4
Evocations     | |  0.5

Action                   |  1- 3 |  4- 6 |  7- 9 || total
-------------------------+-------+-------+-------++-------
Melee: War axe           |    50 |   150 |    93 ||   293
       Staff             |    50 |       |       ||    50
Throw: Boomerang         |     2 |       |       ||     2
Evoke: Wand              |       |     2 |       ||     2
  Use: Potion            |       |     6 |       ||     6
       Scroll            |       |       |     5 ||     5
Armor: Scale mail        |    44 |    91 |    38 ||   173
Dodge: Dodged            |    48 |    91 |    30 ||   169
Block: Buckler           |    18 |    50 |    24 ||    92

Table legend: (Time is in decaauts)
 A = Elapsed time spent in this place.
 B = Non-inter-level travel time spent in this place.
 C = Inter-level travel time spent in this place.
 D = Time resting spent in this place.
 E = Time spent auto-exploring this place.
 F = Levels seen in this place.
 G = Mean time per level.
                   A        B        C        D        E       F      G
               +--------+--------+--------+--------+--------+-----+--------+
         Total |   6637 |   6546 |     91 |   1231 |   3993 |   7 |  948.1 |
       Dungeon |   5469 |   5378 |     91 |    834 |   3586 |   6 |  911.5 |
         Sewer |   1168 |   1168 |      0 |    397 |    407 |   1 | 1168.0 |
               +--------+--------+--------+--------+--------+-----+--------+

Top non-repeatable levels by time:
     D:4: 1613 daAuts
   Sewer: 1168 daAuts
     D:1: 1144 daAuts
     D:5: 961 daAuts
     D:2: 925 daAuts
     D:3: 512 daAuts
     D:6: 312 daAuts
